 Dungeon Crawl Stone Soup version 0.30-a0-159-g068b764562 (webtiles) character file.

Game seed: 7719494858441579681

329 KennySheep the Shooter (level 6, -8/38 HPs)
             Began as a Tengu Hunter on Sept 27, 2022.
             Was a Believer of Cheibriados.
             Mangled by an ogre
             ... wielding a +0 giant club
              (26 damage)
             ... on level 4 of the Dungeon.
             The game lasted 00:11:49 (3782 turns).

KennySheep the Shooter (Tengu Hunter)               Turns: 3782, Time: 00:11:49

Health: -8/38      AC:  3    Str: 17    XL:     6   Next: 51%
Magic:  7/7        EV: 15    Int: 16    God:    Cheibriados [**....]
Gold:   177        SH:  0    Dex: 25    Spells: 5/5 levels left

rFire   . . .      SeeInvis .    a - +0 shortbow
rCold   . . .      Faith    .    (shield currently unavailable)
rNeg    . . .      Spirit   .    c - +0 leather armour
rPois   .          Reflect  .    (helmet restricted)
rElec   .          Harm     .    (no cloak)
rCorr   .          Rampage  .    (no gloves)
Will    .....                    (boots unavailable)
Stlth   +++.......               (no amulet)
HPRegen 0.12/turn                (no ring)
MPRegen 0.10/turn                (no ring)

@: flying quickly and evasively, studying Fighting, very slow
A: beak, talons 3, nimble flight
a: Renounce Religion, Bend Time


You were on level 4 of the Dungeon.
You worshipped Cheibriados.
Cheibriados was pleased with you.
You visited 1 branch of the dungeon, and saw 4 of its levels.
You also visited: Sewer.

You collected 177 gold pieces.

Inventory:

Hand Weapons
 a - a +0 shortbow (weapon)
 b - a +0 long sword
 v - a +1 short sword of electrocution
Armour
 c - a +0 leather armour (worn)
Jewellery
 i - a ring of protection from fire
 n - an amulet of reflection
Wands
 t - a wand of quicksilver (11)
Scrolls
 d - 2 scrolls of immolation
 e - a scroll of noise {unknown}
 j - a scroll of fear
 m - 3 scrolls of enchant weapon
 q - a scroll of amnesia
 s - a scroll of enchant armour {unknown}
 u - a scroll of silence
Potions
 f - 3 potions of attraction {unknown}
 g - a potion of ambrosia {unknown}
 h - 2 potions of lignification {unknown}
 k - a potion of haste {unknown}
 l - a potion of invisibility {unknown}
 o - 3 potions of heal wounds {unknown}
 p - a potion of flight {unknown}
 r - a potion of cancellation {unknown}


   Skills:
 + Level 4.0 Fighting
 * Level 7.2 Ranged Weapons
 - Level 2.1 Dodging
 + Level 3.0 Stealth


You had 5 spell levels left.
You didn't know any spells.
Your spell library contained the following spells:

 Spells                   Type           Power      Damage    Failure   Level
 Sting                    Tmut/Pois      0%         1d3       30%         1
 Cigotuvi's Dreadful Rot  Necr/Pois/Air  0%         N/A       43%         2
 Ensorcelled Hibernation  Hex/Ice        0%         N/A       43%         2
 Poisonous Vapours        Pois/Air       0%         N/A       43%         2
 Spider Form              Tmut/Pois      0%         N/A       67%         3
 Anguish                  Hex/Necr       0%         N/A       97%         4
 Dispel Undead            Necr           0%         3d6       97%         4
 Olgreb's Toxic Radiance  Pois           0%         N/A       97%         4
 Death Channel            Necr           0%         N/A       100%        6


Dungeon Overview and Level Annotations

Branches:
Dungeon (4/15)              Sewer (visited)
 Temple: D:4-7

Altars:
Ashenzari
Cheibriados
Dithmenos


Innate Abilities, Weirdness & Mutations

You have a beak for a mouth.
You have claws for feet.
Your magical nature lets you fly swiftly and evasively.


Message History

The necrophage hits you.
You feel drained.
You shoot an arrow. The arrow hits the necrophage.
The necrophage is heavily damaged.
The necrophage barely misses you.
You shoot an arrow.
The arrow closely misses the necrophage.
The necrophage hits you.
You feel drained.
You shoot an arrow. The arrow barely misses the necrophage.
The necrophage hits you but does no damage.
You shoot an arrow. The arrow hits the necrophage!
You destroy the necrophage!
Cheibriados appreciates the change of pace.
Your life force feels restored.
Your Fighting skill increases to level 4!
Your Stealth skill increases to level 3!
You start resting.
HP restored.
You see here an adder corpse.
Found 5 stones.
e - a scroll labelled GOAFOXTYFIG You reach down and open the door.
There is an open door here.
An ogre comes into view. It is wielding a +0 giant club.
The ogre shouts!
You shoot an arrow. The arrow hits the ogre.
The ogre is lightly wounded.
You shoot an arrow.
The arrow hits the ogre but does no damage.
The ogre is lightly wounded.
You shoot an arrow. The arrow hits the ogre.
The ogre is lightly wounded.
You shoot an arrow. The arrow hits the ogre!
The ogre is heavily wounded.
The ogre hits you with a +0 giant club!!
Ouch! That really hurt!
You shoot an arrow. The arrow barely misses the ogre.
You shoot an arrow. The arrow barely misses the ogre.
The ogre hits you with a +0 giant club!!
Ouch! That really hurt!
You die...

#....'.....
#.####.....
#.####.....
##########.##......#
#..........##......#
###.#########......#
#..# +......# #..#
#......# #.@#
#......# #.O#
#......# #....
..#'#### ##...#
#.... #..### ....
...#


You could see an ogre.

Vanquished Creatures
  Pargi (Sewer)
  A necrophage (D:4)
  An iguana (D:4)
  4 adders
  2 worms
  2 dart slugs
  4 orcs (D:3)
  4 bats
  7 endoplasms
  8 giant cockroaches
  13 goblins
  9 hobgoblins
  2 jackals (D:3)
  3 quokkas
  4 ball pythons
  12 frilled lizards
  12 kobolds
  5 rats
94 creatures vanquished.

Notes
Turn   | Place    | Note
-------+----------+-------------------------------------------
     0 | D:1      | KennySheep the Tengu Hunter began the quest for the Orb.
     0 | D:1      | Reached XP level 1. HP: 12/12 MP: 2/2
   130 | D:1      | Reached XP level 2. HP: 17/17 MP: 3/3
   182 | D:1      | Reached skill level 5 in Ranged Weapons
   330 | D:1      | Reached XP level 3. HP: 21/21 MP: 4/4
   902 | D:2      | Found a faded altar of an unknown god.
   949 | D:2      | Prayed at the altar of an unknown god.
   949 | D:2      | Became a worshipper of Cheibriados the Contemplative
   949 | D:2      | Reached * piety under Cheibriados
  1241 | D:2      | Reached XP level 4. HP: 16/26 MP: 5/5
  1545 | D:2      | Reached skill level 6 in Ranged Weapons
  1766 | D:3      | Found a broken altar of Ashenzari.
  1770 | D:3      | Identified a scroll of acquirement
  1771 | D:3      | Acquired a manual of Fighting
  2100 | D:3      | Found a shadowy altar of Dithmenos.
  2443 | D:3      | Reached ** piety under Cheibriados
  3022 | D:4      | Found a glowing drain.
  3042 | D:4      | Gained mutation: Your magical nature lets you fly swiftly
                  | and evasively. [Tengu growth]
  3042 | D:4      | Reached XP level 5. HP: 26/31 MP: 6/6
  3057 | Sewer    | Entered a sewer
  3098 | Sewer    | Noticed Pargi
  3113 | Sewer    | Killed Pargi
  3458 | Sewer    | Reached XP level 6. HP: 37/37 MP: 7/7
  3609 | D:4      | Reached skill level 7 in Ranged Weapons
  3782 | D:4      | Mangled by an ogre

Illustrated notes

Levels and vault maps discovered:
D:1:      lightli_arrival_boilingwater, layout_loops_ring, corner_web_ring
D:2:      layout_basic, dreamdust_ecumenical_altar_statues
D:3:      cheibrodos_greedy_goblins, layout_loops_corners,
          nicolae_dithmenos_the_darkroom, ashenzari_conservatory_becter
D:4:      layout_basic, gup_sewer_entry_glass

Skill      XL: |  1  2  3  4  5  6 |
---------------+-------------------+-----
Ranged Weapons | 5 6 7 |  7.2
Stealth        | 2 3 |  3.0
Fighting       | 3 4 |  4.0
Dodging        | |  2.1

Action                   |  1- 3 |  4- 6 || total
-------------------------+-------+-------++-------
 Fire: Shortbow          |    91 |   163 ||   254
  Use: Scroll            |       |     8 ||     8
Armor: Leather armour    |     1 |    20 ||    21
Dodge: Dodged            |    13 |    71 ||    84

Table legend: (Time is in decaauts)
 A = Elapsed time spent in this place.
 B = Non-inter-level travel time spent in this place.
 C = Inter-level travel time spent in this place.
 D = Time resting spent in this place.
 E = Time spent auto-exploring this place.
 F = Levels seen in this place.
 G = Mean time per level.
                   A        B        C        D        E       F      G
               +--------+--------+--------+--------+--------+-----+--------+
         Total |   4577 |   4486 |     91 |    760 |   3139 |   5 |  915.4 |
       Dungeon |   4074 |   3983 |     91 |    500 |   2999 |   4 | 1018.5 |
         Sewer |    502 |    502 |      0 |    260 |    140 |   1 |  502.0 |
               +--------+--------+--------+--------+--------+-----+--------+

Top non-repeatable levels by time:
     D:3: 1704 daAuts
     D:2: 1149 daAuts
     D:1: 738 daAuts
   Sewer: 502 daAuts
     D:4: 481 daAuts
